[Event "Polish University-ch Teams 2024"]
[Site "Lublin"]
[Date "2024.02.25"]
[Round "6.10"]
[White "Kroliczek, Gabriela"]
[Black "Karpus, Michal"]
[Result "1-0"]
[ECO "C55"]
[WhiteElo "1928"]
[BlackElo "2243"]
[Annotator "RC"]
[PlyCount "87"]
[EventDate "2024.02.22"]
[EventType "team-tourn"]
[EventCountry "POL"]
[SourceTitle "playchess.com"]
[Source "ChessBase"]
[SourceQuality "1"]
[TimeControl "900+5"]

1. e4 e5 2. Nf3 Nc6 3. Bc4 Nf6 4. d3 h6 5. O-O d6 6. c3 g5 7. Be3 Bg7 8. Nbd2 g4 9. Ne1 d5 10. Bb3 O-O 11. Qe2 Be6 12. f4 exf4 13. Bxf4 d4 14. Rc1 Qd7 15. Nc4 Nh5 16. Bd2 Kh8 17. g3 f5 18. Ng2 Rad8 19. Nh4 Ne7 20. exf5 Bxf5 21. Ne5 Bxe5 22. Qxe5+ Kh7 23. Nxf5 Rxf5 24. Rxf5 Nxf5 25. Rf1 Nhg7 26. Bc4 Re8 27. Qf4 Re2 28. Rf2 Qe7 29. Bd5 Rxf2 30. Kxf2 c5 31. Be4 Qe6 32. b3 Kh8 33. Qb8+ Kh7 34. Qxb7 Qf6 35. Kg2 dxc3 36. Bf4 c2 37. Qc7 Kg6 38. Qxc5 Qb2 39. Bd2 Qxa2 40. b4 Qb1 41. Qc6+ Kh7 42. Qxh6+ Kg8 43. Qc6 Qb3 44. Bd5+ 1-0

[Event "Polish University-ch Teams 2024"]
[Site "Lublin"]
[Date "2024.02.25"]
[Round "6.11"]
[White "Syrkiewicz, Michal"]
[Black "Lendzion, Kamil"]
[Result "1-0"]
[ECO "B93"]
[WhiteElo "2074"]
[BlackElo "1846"]
[Annotator "NA RC"]
[PlyCount "121"]
[EventDate "2024.02.22"]
[EventType "team-tourn"]
[EventCountry "POL"]
[SourceTitle "playchess.com"]
[Source "ChessBase"]
[SourceQuality "1"]
[TimeControl "900+5"]

1. e4 c5 2. Nf3 d6 3. d4 cxd4 4. Nxd4 Nf6 5. Nc3 a6 6. f4 Nc6 7. Nf3 g6 8. Be3 Bg7 9. Bd3 O-O 10. O-O Ng4 11. Qd2 Nxe3 12. Qxe3 Nb4 13. Kh1 Bd7 14. a3 Nxd3 15. cxd3 Rc8 16. d4 e6 17. Rac1 Qb6 18. Qd2 Rc4 19. Rfd1 Rfc8 20. e5 d5 21. Ne2 Ba4 22. Rxc4 Rxc4 23. Rc1 Qb3 24. Nc3 Bd7 25. h3 b5 26. Kh2 Bf8 27. Re1 a5 28. Re3 Kg7 29. Nxd5 Qc2 30. Qxc2 Rxc2 31. Nf6 Bc6 32. Rb3 a4 33. Re3 h6 34. Ne4 Bd5 35. Nc3 Rxb2 36. Nxd5 exd5 37. e6 fxe6 38. Rxe6 Bxa3 39. Ne5 b4 40. Rxg6+ Kf8 41. Ra6 b3 42. Rxa4 Bd6 43. Ra6 Ke7 44. Rb6 Rb1 45. Kg3 b2 46. Nd3 Ba3 47. Rb3 Ra1 48. Nxb2 Bxb2 49. Rxb2 Rd1 50. Rb4 Rd2 51. Kf3 Ke6 52. Rb6+ Kf7 53. Rxh6 Rxd4 54. g4 Kg7 55. Rh5 Kg6 56. Ke3 Rd1 57. f5+ Kg7 58. Kf4 d4 59. Kg5 d3 60. f6+ Kg8 61. Kg6 1-0

[Event "Polish University-ch Teams 2024"]
[Site "Lublin"]
[Date "2024.02.25"]
[Round "6.12"]
[White "Kucharska, Honorata"]
[Black "Harazinska, Magdalena"]
[Result "1/2-1/2"]
[ECO "A31"]
[WhiteElo "2137"]
[BlackElo "1950"]
[Annotator "RC"]
[PlyCount "103"]
[EventDate "2024.02.22"]
[EventType "team-tourn"]
[EventCountry "POL"]
[SourceTitle "playchess.com"]
[Source "ChessBase"]
[SourceQuality "1"]
[TimeControl "900+5"]

1. e4 c5 2. Nf3 a6 3. c4 e6 4. Nc3 Qc7 5. d4 cxd4 6. Nxd4 Nf6 7. a3 Be7 8. Be2 O-O 9. O-O d6 10. Be3 b6 11. Rc1 Bb7 12. f3 Nbd7 13. b4 Rac8 14. Qd2 Qb8 15. Rfd1 Bd8 16. Bf1 Bc7 17. g3 Rfe8 18. Qf2 Kh8 19. Bg2 Rg8 20. Nb3 Ne5 21. Na4 b5 22. cxb5 axb5 23. Nb2 d5 24. exd5 Bxd5 25. Nc5 Qa8 26. Nbd3 Nxf3+ 27. Bxf3 Bxf3 28. Rf1 Bh1 29. Bd4 Ne4 30. Nxe4 Bxe4 31. Nc5 Bg6 32. Qb2 e5 33. Bxe5 Bxe5 34. Qxe5 Qxa3 35. Qf4 Rge8 36. Rce1 Qc3 37. Rxe8+ Rxe8 38. Rc1 Re1+ 39. Rxe1 Qxe1+ 40. Kg2 Qe2+ 41. Kg1 h6 42. Qd4 Kh7 43. Qf4 f6 44. Qd4 Bf5 45. Qf2 Qd1+ 46. Qf1 Qd4+ 47. Qf2 Qd5 48. Qf4 Bc2 49. Qf2 Qd1+ 50. Kg2 Qd5+ 51. Kg1 Bg6 52. Qf4 1/2-1/2

[Event "Polish University-ch Teams 2024"]
[Site "Lublin"]
[Date "2024.02.25"]
[Round "6.13"]
[White "Dzida, Kamil"]
[Black "Zaleski, Lukasz"]
[Result "1-0"]
[ECO "C11"]
[WhiteElo "2403"]
[BlackElo "2182"]
[Annotator "TA"]
[PlyCount "49"]
[EventDate "2024.02.22"]
[EventType "team-tourn"]
[EventCountry "POL"]
[SourceTitle "playchess.com"]
[Source "ChessBase"]
[SourceQuality "1"]
[TimeControl "900+5"]

1. e4 e6 2. d4 d5 3. Nc3 Nf6 4. e5 Nfd7 5. f4 c5 6. Nf3 Nc6 7. Be3 Be7 8. Qd2 O-O 9. dxc5 Nxc5 10. O-O-O Qa5 11. Kb1 a6 {[%emt 0:02:34] White has an edge.} 12. Nd4 Nxd4 (12... Qc7 $11) 13. Nxd5 $18 (13. Bxd4 $6 Nd7 $16) 13... Qd8 14. Nxe7+ (14. Qxd4 $2 exd5 (14... Qxd5 $2 15. Qxd5 exd5 16. Be2 $19) 15. Be2 Bf5 16. Qxd5 Qc7 $19) 14... Qxe7 15. Qxd4 b6 {[%emt 0:00:31][%cal Bb7b6,Bb6c5][%mdl 32] Black is weak on the dark squares} 16. Qd6 Qb7 17. Be2 {[%emt 0:00:29] [#] aiming for Bf3.} Qxg2 (17... Qa7 {is tougher.} 18. Rhf1 Rb8) 18. Rhg1 (18. Bxc5 bxc5 19. Rhg1 Qf2 $14 (19... Qxe2 20. Rxg7+ Kxg7 21. Rg1+ Kh6 22. Qxf8+ Kh5 23. Rg5+ Kh4 24. Qh6+)) (18. Qxb6 $2 Nd7 19. Rxd7 Bxd7 $19) 18... Qxh2 (18... Qxe2 19. Rxg7+ (19. Bxc5 Bb7 $16) 19... Kxg7 20. Rg1+ (20. Bxc5 $2 Bb7 $19) (20. Bxc5 $2 Bb7 $19)) 19. Bxc5 (19. Rxg7+ $142 Kxg7 20. Rg1+ (20. Bxc5 bxc5 21. Qe7 Qh6 $17) 20... Qxg1+ 21. Bxg1) 19... bxc5 20. Bf3 {[%emt 0:00:01] Prevents Bb7} Ra7 21. Rg2 $40 {[%emt 0:00:21][%mdl 128] Black is in trouble.} (21. Qxc5 Rd7 $18) ({White should try} 21. Bc6 $18 {[%cal Od6f8] Intending Qxf8+! and mate.} g6 (21... Qxf4 22. Qxf8+ Kxf8 23. Rd8+ Ke7 24. Re8#) 22. Qxc5) 21... Qh6 $16 (21... Qxf4 22. Rxg7+ (22. Qxc5 g6 $16) 22... Kxg7 23. Rg1+ (23. Qxc5 $2 Re8 $19) (23. Qxc5 $2 Re8 $19)) 22. Bc6 {[%emt 0:00:02][%cal Od6f8] Prevents Rd7. Qxf8+! would kill now. White is much more active.} Bb7 $2 {[%emt 0:00:35][%mdl 8192] [#]} ({And not} 22... Qxf4 23. Qxf8+ (23. Qxc5 g6 $18) (23. Rxg7+ Kxg7 24. Rg1+ Kh6 25. Qxf8+ Kh5 26. Qg8 Bb7 27. Qxh7+ Qh6 28. Qxf7+ Kh4 29. Qf2+ Kh5 30. Qh2#) 23... Kxf8 24. Rd8+ Ke7 25. Re8#) (22... f6 $16) 23. Qxf8+ $3 {[%emt 0:00:08][%mdl 512] White mates.} Kxf8 24. Rd8+ Ke7 25. Re8# {[%emt 0:00:00] Weighted Error Value: White=0.39/Black=0.74.  Loses game:     	---       	Black=1      Mistake:       	White=2     	Black=2      Inaccurate:     	---       	Black=1      OK:         	White=9     	Black=6      Best:        	White=1     	Black=1      Brilliant:      	White=1     	---} 1-0

[Event "Polish University-ch Teams 2024"]
[Site "Lublin"]
[Date "2024.02.25"]
[Round "6.14"]
[White "Demianowicz, Maciej"]
[Black "Klepek, Witold"]
[Result "1/2-1/2"]
[ECO "B30"]
[WhiteElo "1972"]
[BlackElo "2262"]
[Annotator "RC"]
[PlyCount "79"]
[EventDate "2024.02.22"]
[EventType "team-tourn"]
[EventCountry "POL"]
[SourceTitle "playchess.com"]
[Source "ChessBase"]
[SourceQuality "1"]
[TimeControl "900+5"]

1. e4 c5 2. Nf3 Nc6 3. Bb5 a6 4. Bxc6 dxc6 5. O-O Qc7 6. h3 e5 7. c3 Bd6 8. d4 cxd4 9. cxd4 Ne7 10. Nc3 O-O 11. dxe5 Bxe5 12. Nxe5 Qxe5 13. Be3 Qc7 14. a4 Be6 15. a5 c5 16. f4 f5 17. Qc2 Rae8 18. Nd5 Nxd5 19. exd5 Bxd5 20. Qxc5 Qxc5 21. Bxc5 Re2 22. Rf2 Rfe8 23. Rd1 Bc6 24. Rd2 Re1+ 25. Kh2 Ra1 26. Bb4 Kf7 27. Rfe2 Rxe2 28. Rxe2 Ra4 29. Bd6 Rxa5 30. Re7+ Kf6 31. Rc7 Rd5 32. Be5+ Ke6 33. Rxg7 Rd2 34. h4 a5 35. h5 a4 36. Kh3 Rd7 37. Rxd7 Bxd7 38. Kh4 b5 39. Kg5 Be8 40. Bc3 1/2-1/2

[Event "Polish University-ch Teams 2024"]
[Site "Lublin"]
[Date "2024.02.25"]
[Round "6.15"]
[White "Golenia, Jan"]
[Black "Rogala, Milosz"]
[Result "1-0"]
[ECO "D45"]
[WhiteElo "2221"]
[BlackElo "1839"]
[Annotator "RC"]
[PlyCount "59"]
[EventDate "2024.02.22"]
[EventType "team-tourn"]
[EventCountry "POL"]
[SourceTitle "playchess.com"]
[Source "ChessBase"]
[SourceQuality "1"]
[TimeControl "900+5"]

1. d4 d5 2. c4 c6 3. Nc3 Nf6 4. Nf3 e6 5. e3 Nbd7 6. Qc2 a6 7. Bd3 dxc4 8. Bxc4 b5 9. Be2 Bb7 10. O-O c5 11. Rd1 Qc7 12. dxc5 Bxc5 13. Bd3 O-O 14. Ne4 Nxe4 15. Bxe4 Bxe4 16. Qxe4 Nf6 17. Qc2 Rac8 18. Bd2 Qe7 19. Rac1 h6 20. b4 Bxb4 21. Qxc8 Rxc8 22. Rxc8+ Kh7 23. Bxb4 Qxb4 24. h3 Qa4 25. Rd2 Qa5 26. Rdc2 Nd5 27. Ne5 Nb4 28. Rd2 Nxa2 29. Rdd8 g5 30. Rf8 1-0

[Event "Polish University-ch Teams 2024"]
[Site "Lublin"]
[Date "2024.02.25"]
[Round "6.16"]
[White "Poplawski, Maciej"]
[Black "Golenia, Wojciech"]
[Result "0-1"]
[ECO "C13"]
[WhiteElo "1900"]
[BlackElo "2212"]
[Annotator "RC"]
[PlyCount "52"]
[EventDate "2024.02.22"]
[EventType "team-tourn"]
[EventCountry "POL"]
[SourceTitle "playchess.com"]
[Source "ChessBase"]
[SourceQuality "1"]
[TimeControl "900+5"]

1. d4 Nf6 2. Nc3 d5 3. Bg5 e6 4. e4 dxe4 5. Nxe4 Nbd7 6. c3 Be7 7. Nxf6+ Nxf6 8. Bd3 O-O 9. Qf3 Qd5 10. h4 Qxf3 11. Nxf3 c5 12. O-O Rd8 13. Rfe1 h6 14. Bf4 b6 15. Bb5 Bb7 16. Bc7 Rdc8 17. Be5 a6 18. Ba4 b5 19. Bb3 Bxf3 20. gxf3 c4 21. Bc2 Nd5 22. Bg3 a5 23. Be4 Rd8 24. b3 Rac8 25. Bxd5 Rxd5 26. Re3 b4 0-1

[Event "Polish University-ch Teams 2024"]
[Site "Lublin"]
[Date "2024.02.25"]
[Round "6.17"]
[White "Babiarz, Arkadiusz"]
[Black "Twardowski, Hubert"]
[Result "0-1"]
[ECO "B54"]
[WhiteElo "2159"]
[BlackElo "1848"]
[Annotator "RC"]
[PlyCount "72"]
[EventDate "2024.02.22"]
[EventType "team-tourn"]
[EventCountry "POL"]
[SourceTitle "playchess.com"]
[Source "ChessBase"]
[SourceQuality "1"]
[TimeControl "900+5"]

1. e4 c5 2. Nf3 Nc6 3. Bb5 d6 4. d4 cxd4 5. Nxd4 Bd7 6. Nxc6 Bxc6 7. Bxc6+ bxc6 8. c4 Nf6 9. Nc3 g6 10. O-O Bg7 11. Be3 O-O 12. Rc1 Qa5 13. f3 Rfd8 14. Qe2 d5 15. exd5 cxd5 16. Rfd1 e6 17. Bf2 h6 18. a3 Qa6 19. Nb5 Rac8 20. Nxa7 Rb8 21. b4 dxc4 22. b5 Qa4 23. Rxd8+ Rxd8 24. b6 Nd5 25. Qxc4 Nxb6 26. Bxb6 Rd1+ 27. Kf2 Rd2+ 28. Kg3 Be5+ 29. f4 Qxa3+ 30. Rc3 Qxc3+ 31. Qxc3 Bxc3 32. Nc6 Rd6 33. Ne7+ Kg7 34. Bc5 Rd3+ 35. Kf2 Bf6 36. Nc6 Rc3 0-1

[Event "Polish University-ch Teams 2024"]
[Site "Lublin"]
[Date "2024.02.25"]
[Round "6.18"]
[White "Lascar, Radoslawa"]
[Black "Furtak, Joanna"]
[Result "1/2-1/2"]
[ECO "B32"]
[WhiteElo "1804"]
[BlackElo "1883"]
[Annotator "NA RC"]
[PlyCount "135"]
[EventDate "2024.02.22"]
[EventType "team-tourn"]
[EventCountry "POL"]
[SourceTitle "playchess.com"]
[Source "ChessBase"]
[SourceQuality "1"]
[TimeControl "900+5"]

1. e4 c5 2. Nf3 Nc6 3. d4 cxd4 4. Nxd4 Qb6 5. Nxc6 bxc6 6. Nc3 e5 7. Bc4 Nf6 8. O-O Be7 9. Kh1 d6 10. Bb3 Ba6 11. Be3 Qc7 12. Re1 h5 13. h3 h4 14. Ba4 Kf8 15. f4 Nh5 16. fxe5 dxe5 17. Qf3 g6 18. Rad1 Kg7 19. Bb3 Bf6 20. Na4 Rad8 21. Nc5 Bc8 22. Kg1 Rxd1 23. Rxd1 Rd8 24. Rf1 Qe7 25. Nd3 Ba6 26. Bc5 Qc7 27. Rd1 Bxd3 28. Rxd3 Nf4 29. Rxd8 Qxd8 30. Bxa7 Qa5 31. Bf2 Qd2 32. Qe3 Qd1+ 33. Qe1 Qd6 34. Bxh4 Bxh4 35. Qxh4 Qd1+ 36. Kh2 Qe2 37. Qg3 Qxe4 38. a4 Qd4 39. Qf3 Qd2 40. Kg3 Qe1+ 41. Kh2 Qd2 42. a5 Qxa5 43. Qf2 Qb4 44. g3 Nd5 45. Qe2 Qd4 46. Kg2 Qxb2 47. Bc4 Qd4 48. Bb3 Qe3 49. Qxe3 Nxe3+ 50. Kf3 Nd5 51. Ke4 Ne7 52. Kxe5 Nf5 53. g4 Ne3 54. Kd6 f5 55. gxf5 gxf5 56. Ke5 Kg6 57. Kf4 Ng2+ 58. Kf3 Ne1+ 59. Kf2 Nxc2 60. Bxc2 Kg5 61. Kg3 f4+ 62. Kf3 c5 63. Bd3 Kh4 64. Bf5 c4 65. Kxf4 c3 66. Kf3 c2 67. Bxc2 Kxh3 68. Ke4 1/2-1/2

[Event "Polish University-ch Teams 2024"]
[Site "Lublin"]
[Date "2024.02.25"]
[Round "6.19"]
[White "Pacan-Milej, Kosma"]
[Black "Mis, Mieszko"]
[Result "1/2-1/2"]
[ECO "E48"]
[WhiteElo "2438"]
[BlackElo "2325"]
[Annotator "TA"]
[PlyCount "106"]
[EventDate "2024.02.22"]
[EventType "team-tourn"]
[EventCountry "POL"]
[SourceTitle "playchess.com"]
[Source "ChessBase"]
[SourceQuality "1"]
[TimeControl "900+5"]

1. d4 Nf6 2. c4 e6 3. Nc3 Bb4 4. e3 O-O 5. Bd3 c5 6. Nge2 d5 7. cxd5 cxd4 8. exd4 Nxd5 9. O-O Nc6 10. a3 Be7 11. Bc2 Nf6 12. Qd3 b6 13. Bg5 {[%emt 0:00:16] [#] And now Bxf6 would win.} g6 14. Rad1 Bb7 15. Ng3 (15. Rfe1 $14) 15... Rc8 16. Rfe1 Na5 17. Bh6 $1 Re8 18. Ba4 Bc6 19. Bxc6 Rxc6 ({Black should play} 19... Nxc6 $11 20. h3 Rc7) 20. d5 ({Better is} 20. Nge4 $14) 20... exd5 $11 21. Nxd5 Nxd5 (21... Qxd5 {simplifies} 22. Qxd5 Nxd5 23. Rxd5 Rcc8) 22. Qxd5 Qxd5 23. Rxd5 $40 {[%emt 0:00:03][%cal Oe1e7][%mdl 128] Rxe7! is the strong threat. White attacks.} Re6 (23... Rcc8 $11 {keeps the balance.}) 24. Rxe6 $16 fxe6 25. Rd7 Nc4 26. b3 Nxa3 27. Rxa7 {[%emt 0:00:03] White is more active.} b5 28. Ne4 Nc2 29. Bg5 Rd8 30. h4 (30. Bxe7 $2 Rd1#) 30... Rd4 31. f3 Bxg5 32. hxg5 {[%emt 0:00:04][%mdl 4096] Endgame. KRN-KRN} Rd3 (32... Kf8 $16 {was necessary.} 33. Rxh7 b4) 33. Nf6+ $18 Kf8 34. Nxh7+ (34. Rxh7 b4 $16) 34... Kg8 35. Nf6+ Kf8 {[%emt 0:00:01] [#]} 36. Nd7+ $1 Kg8 37. Ra8+ Kg7 38. Nc5 Rd1+ 39. Kh2 Nd4 40. Ra7+ Kg8 41. Rd7 $2 (41. b4 $18) 41... e5 $2 (41... Rd2 $1 $11 {and Black stays safe.}) 42. Ne4 (42. Re7 $18) 42... Kf8 $16 {[%emt 0:00:07][%cal Od4f3] aiming for ...Nxf3+!} ({But not} 42... Nxf3+ $2 43. gxf3 Rf1 (43... Rxd7 $2 {too greedy.} 44. Nf6+ Kf7 45. Nxd7 $18) 44. Kg3 $18) 43. Rd6 Kf7 44. Rf6+ Kg7 45. Rb6 Rd3 46. Rb7+ Kf8 47. b4 Rb3 (47... Re3 $16 48. Rb6 Re2) 48. Rb6 Kg7 (48... Kf7 $16 49. Rb7+ Ke8) 49. Rb7+ Kf8 50. Rb6 Kg7 51. Rb7+ Kf8 52. Rb6 Kg7 53. Rb7+ Kf8 {[%emt 0:00:02] Weighted Error Value: White=0.40/Black=0.22 (precise) .  Loses game:     	---       	Black=1      Mistake:       	White=4     	Black=6      Inaccurate:     	White=1     	---        OK:         	White=12    	Black=13     Best:        	White=6     	Black=10     Strong:       	White=1     	---} 1/2-1/2

[Event "Polish University-ch Teams 2024"]
[Site "Lublin"]
[Date "2024.02.25"]
[Round "6.20"]
[White "Jarocka, Liwia"]
[Black "Redzisz, Michal"]
[Result "0-1"]
[ECO "C42"]
[WhiteElo "2199"]
[BlackElo "2229"]
[Annotator "TA"]
[PlyCount "78"]
[EventDate "2024.02.22"]
[EventType "team-tourn"]
[EventCountry "POL"]
[SourceTitle "playchess.com"]
[Source "ChessBase"]
[SourceQuality "1"]
[TimeControl "900+5"]

1. e4 e5 2. Nf3 Nf6 3. Nxe5 d6 4. Nd3 Nxe4 5. Nf4 Nc6 6. d4 d5 7. c3 Be7 8. Bd3 {[%emt 0:00:06] Weiß hat minimalen Vorteil.} O-O 9. O-O Nf6 10. h3 Re8 11. Re1 Bd6 12. Rxe8+ Qxe8 13. Be3 Ne7 $1 14. Qc2 Ng6 15. Nxg6 hxg6 16. Nd2 Nh5 17. Nf3 Nf4 18. Bxf4 Bxf4 19. Re1 Qf8 20. Qb3 (20. c4 $5) 20... c6 21. c4 Be6 22. Qxb7 dxc4 {[%emt 0:00:00] [#]} 23. Bxg6 {[%emt 0:00:31][%cal Oe1e6] Droht Rxe6! und aus.} Rb8 24. Qxc6 {[%emt 0:00:08] Zielt auf Rxe6 ab.} Rb6 (24... Qd6 $1 $14 25. Qxd6 Bxd6) 25. Qa4 $2 (25. Bh7+ $1 $16 {ist nötig, um Vorteil zu sichern.} Kxh7 26. Qe4+ Kg8 27. Qxf4) 25... fxg6 $19 26. d5 Bf7 (26... Bxd5 $2 27. Re8 $18 (27. Qxa7 $2 Qf6 $19) (27. Qxa7 $2 Qf6 $19)) 27. Qxc4 Qb4 28. Qc8+ Qf8 29. Qc4 Qb4 30. Qc8+ Kh7 31. Qg4 {[%emt 0:00:16] [#]} Bh6 {[%emt 0:00:22] Ein starkes Läuferpaar.} (31... Bxd5 $6 32. Qh4+ Bh6 33. Ng5+ Kh8 34. Re8+ Bg8 35. Nf7+ Kh7 36. Ng5+ Kh8 37. Nf7+ Kh7 38. Ng5+ Kh8 $11) (31... Qd6 $1 $17 32. Qh4+ Kg8) 32. Re4 $2 (32. Qxb4 $1 $11 {und Weiss steht sicher.} Rxb4 33. d6 Rxb2 34. d7) 32... Qxb2 33. Ne5 $2 (33. Rd4 {war einen Versuch wert.} Qc1+ (33... Qxa2 $2 34. d6 $19) 34. Kh2) 33... Rf6 34. Qh4 (34. Qe2 $142 Qxe2 35. Rxe2) 34... Bxd5 35. Re1 Re6 36. Qg3 Qd2 37. Rb1 Qxa2 38. Rb8 (38. Rf1 $19) 38... Qa1+ 39. Kh2 Qxe5 {[%emt 0:00:02] Gewichteter Fehlerwert: Weiß=0.72/Schwarz=0.52.  Verlustzug:     	Weiß=2     	---        Fehler:       	Weiß=3     	Schwarz=2     Ungenau:       	Weiß=3     	Schwarz=3     OK:         	Weiß=15    	Schwarz=5     Bester:       	Weiß=2     	Schwarz=6     Stark:        	---       	Schwarz=1} (39... Rxe5 $142 40. Rb1 Qxb1 41. Qxe5 Qe4 42. Qxe4 Bxe4 43. Kg3 a5 44. f3 Bc2 45. f4 a4 46. Kf2 a3 (46... Bxf4 {führt zum Matt.} 47. h4 Be5 48. Ke3 Bc3 49. g4 a3 50. g5 a2 51. h5 a1=Q 52. hxg6+ Kxg6 53. Kf2 Bd4+ 54. Kg2 Qg1+ 55. Kf3 Qf2+ 56. Kg4 Bf5#) 47. Ke3 a2 48. Kd2 Bf5 (48... a1=B $2 49. Kxc2 Bxf4 50. Kd3 $19) 49. Ke3 a1=Q (49... a1=B $2 50. h4 $19) 50. g4 Qe5+ 51. Kf2 Qxf4+ (51... Bxf4 52. gxf5 Qe3+ 53. Kf1 gxf5 54. h4 Bg3 55. Kg2 Qf2+ 56. Kh3 Qh2#) 52. Ke2 Qe3+ 53. Kf1 Qf3+ (53... Qxh3+ {wird mattgesetzt.} 54. Kf2 Bxg4 55. Ke1 Qe3+ 56. Kf1 Bh3#) 54. Kg1 Qg3+ 55. Kh1 Be4#) 0-1

[Event "Polish University-ch Teams 2024"]
[Site "Lublin"]
[Date "2024.02.25"]
[Round "6.21"]
[White "Galuszka, Tomasz"]
[Black "Golecki, Jan"]
[Result "1/2-1/2"]
[ECO "C71"]
[WhiteElo "2181"]
[BlackElo "2185"]
[Annotator "RC"]
[PlyCount "118"]
[EventDate "2024.02.22"]
[EventType "team-tourn"]
[EventCountry "POL"]
[SourceTitle "playchess.com"]
[Source "ChessBase"]
[SourceQuality "1"]
[TimeControl "900+5"]

1. e4 e5 2. Nf3 Nc6 3. Bb5 a6 4. Ba4 d6 5. Nc3 Bd7 6. h3 Nf6 7. O-O g6 8. d3 Bg7 9. Ne2 O-O 10. c3 Ne7 11. Bb3 h6 12. Ng3 g5 13. d4 Ng6 14. dxe5 dxe5 15. Nf5 Nxe4 16. Nxg7 Kxg7 17. Nxe5 Nxe5 18. Qd4 Qf6 19. Qxe4 Bc6 20. Qe3 Rfe8 21. Qg3 Ng6 22. Be3 Rad8 23. Rae1 Nf4 24. Bxf4 Qxf4 25. Qxf4 gxf4 26. f3 Kf6 27. Rxe8 Rxe8 28. Kf2 Bb5 29. c4 Bc6 30. Rd1 Ke5 31. Bc2 a5 32. a3 Re6 33. c5 Bd5 34. Rd2 h5 35. Bd1 h4 36. Be2 b6 37. Rc2 Rc6 38. b4 axb4 39. axb4 bxc5 40. b5 Rb6 41. Rxc5 Kd6 42. Rc2 Rb8 43. Rd2 Kc5 44. Rc2+ Kd4 45. Rd2+ Ke5 46. Rc2 Rb7 47. Rc5 Kd6 48. Rc2 Ra7 49. Rd2 Ke5 50. Rc2 f6 51. Rd2 Ra5 52. Rc2 Kd6 53. Rd2 Ra4 54. Rc2 Rb4 55. Rd2 Kc5 56. Rc2+ Kb6 57. Bf1 Rb1 58. Be2 Rb4 59. Bf1 Rb1 1/2-1/2

[Event "Polish University-ch Teams 2024"]
[Site "Lublin"]
[Date "2024.02.25"]
[Round "6.22"]
[White "Leskiewicz, Ignacy"]
[Black "Skurniak, Szymon"]
[Result "1-0"]
[ECO "E91"]
[WhiteElo "2180"]
[BlackElo "2096"]
[Annotator "RC"]
[PlyCount "129"]
[EventDate "2024.02.22"]
[EventType "team-tourn"]
[EventCountry "POL"]
[SourceTitle "playchess.com"]
[Source "ChessBase"]
[SourceQuality "1"]
[TimeControl "900+5"]

1. Nf3 d6 2. d4 Nf6 3. c4 g6 4. Nc3 Bg7 5. e4 O-O 6. Be2 c5 7. O-O Bg4 8. dxc5 dxc5 9. Be3 Qc8 10. Ne1 Rd8 11. Nd5 Nxd5 12. cxd5 Bxe2 13. Qxe2 b6 14. Rc1 Qa6 15. Qxa6 Nxa6 16. b3 Nb4 17. a3 Na2 18. Rc2 Nc3 19. f3 e6 20. Bg5 Bd4+ 21. Kh1 f6 22. Bd2 Nb1 23. dxe6 Nxa3 24. Ra2 Nb1 25. Nd3 Nxd2 26. Rxd2 Be3 27. Rdd1 Rd6 28. Rfe1 Bh6 29. Nf2 Rxe6 30. Rd7 Be3 31. Rxe3 a5 32. h4 a4 33. bxa4 Rxa4 34. Ng4 f5 35. exf5 Rxe3 36. Nxe3 Rxh4+ 37. Kg1 gxf5 38. Nxf5 Rc4 39. Rb7 Rc1+ 40. Kf2 Rb1 41. Ke3 b5 42. Kf4 h5 43. Kg5 Rg1 44. Rxb5 Rxg2+ 45. Kxh5 c4 46. Rc5 Rf2 47. Kg4 Rg2+ 48. Ng3 Rc2 49. Rc7 Kf8 50. Ne4 Ke8 51. Kf4 Kd8 52. Rc5 Kd7 53. Ke3 Rc1 54. Kd4 Rf1 55. Rf5 Rc1 56. Nc3 Ke6 57. Rf4 Rf1 58. Kxc4 Ke5 59. Rf8 Rc1 60. Kd3 Ra1 61. Ke3 Ra3 62. f4+ Ke6 63. Rc8 Kd7 64. Rc4 Kd6 65. Ke4 1-0

[Event "Polish University-ch Teams 2024"]
[Site "Lublin"]
[Date "2024.02.25"]
[Round "6.23"]
[White "Makhynia, Kostiantyn"]
[Black "Pawletko, Szymon"]
[Result "1-0"]
[ECO "D11"]
[WhiteElo "1968"]
[BlackElo "1928"]
[Annotator "NA RC"]
[PlyCount "105"]
[EventDate "2024.02.22"]
[EventType "team-tourn"]
[EventCountry "POL"]
[SourceTitle "playchess.com"]
[Source "ChessBase"]
[SourceQuality "1"]
[TimeControl "900+5"]

1. d4 Nf6 2. Nf3 d5 3. c4 c6 4. g3 Bf5 5. Nc3 e6 6. Nh4 Bg6 7. Qb3 Qb6 8. Nxg6 hxg6 9. c5 Qxb3 10. axb3 Nbd7 11. b4 e5 12. e3 e4 13. b5 Kd8 14. bxc6 bxc6 15. b4 Be7 16. b5 Kc7 17. bxc6 Nb8 18. Rxa7+ Rxa7 19. Nb5+ Kxc6 20. Nxa7+ Kb7 21. Nb5 Nc6 22. Bb2 Ra8 23. Nc3 Bd8 24. Bb5 Ba5 25. Kd2 Ne8 26. Rb1 Nc7 27. Be2 Kc8 28. Kd1 Rb8 29. Ba1 Bb4 30. Na2 Ra8 31. Nxb4 Nxb4 32. Bc3 Nd3 33. Bxd3 exd3 34. Kd2 Ra2+ 35. Rb2 Ra3 36. Kxd3 Na6 37. Kc2 Kc7 38. h4 Nb8 39. Bb4 Ra1 40. Kd2 Rf1 41. Ba5+ Kc8 42. Ke2 Ra1 43. Bd2 Nc6 44. f3 Kc7 45. Rb3 Ne7 46. e4 f5 47. e5 Nc6 48. Be3 Ra2+ 49. Kd3 Rg2 50. Bf4 Rf2 51. e6+ Kd8 52. Ke3 Rf1 53. Rb6 1-0

[Event "Polish University-ch Teams 2024"]
[Site "Lublin"]
[Date "2024.02.25"]
[Round "6.24"]
[White "Kaczmarska, Joanna"]
[Black "Sloniewska, Alicja"]
[Result "1-0"]
[ECO "A07"]
[WhiteElo "1870"]
[BlackElo "1685"]
[Annotator "NA RC"]
[PlyCount "95"]
[EventDate "2024.02.22"]
[EventType "team-tourn"]
[EventCountry "POL"]
[SourceTitle "playchess.com"]
[Source "ChessBase"]
[SourceQuality "1"]
[TimeControl "900+5"]

1. Nf3 d5 2. g3 Nf6 3. Bg2 c6 4. O-O Bf5 5. b3 e6 6. Bb2 Be7 7. d3 Nbd7 8. Nbd2 O-O 9. Nh4 Bg6 10. Nxg6 hxg6 11. e4 e5 12. f4 Bc5+ 13. Kh1 exf4 14. e5 Ne8 15. gxf4 Nc7 16. d4 Be7 17. c4 Nb6 18. c5 Nd7 19. Rc1 Ne6 20. Bh3 Rc8 21. Bxe6 fxe6 22. Qg4 Rf5 23. Qxg6 Nf8 24. Qg4 Qe8 25. Rg1 Qf7 26. Rcf1 Nh7 27. Bc1 Rf8 28. Nf3 b6 29. b4 Kh8 30. Rg3 Rg8 31. Rfg1 b5 32. Rh3 Bd8 33. Bd2 Be7 34. Qg6 Qxg6 35. Rxg6 Rc8 36. Rxe6 Rf7 37. Rg3 Nf8 38. Rxe7 Rxe7 39. f5 Rf7 40. Nh4 Re8 41. e6 Nxe6 42. fxe6 Rxe6 43. Ng6+ Kg8 44. Ne5 Rfe7 45. Bg5 Re8 46. Ra3 Ra8 47. Ra6 Rg6 48. Nxg6 1-0